AoeStats
← Hacıİlbey

Arabia

506181587Analyzed
2v2 RM · 19d ago on Sep 12, 2026· 31m 55s· 4 players
Game mode
Random Map
Map size
Medium (4 player)
Population
200
Speed
Normal
Resources
Standard
Victory
Conquest
Starting age
Dark Age
Ending age
Imperial Age
RankedLock teamsTeams togetherTeam positionsShared explorationLock speedFull tech treeHidden civsTurbo modeCheats
Victory
Defeat
🇹🇷 Magyars · Türkiye
1077
+17
🇹🇷 Burgundians · Türkiye
1075
+17
1103
-17
🇷🇺 Italians · Russia
1102
-17
avare
5:28 Loom
9:58 Feudal Age
17:17 Double-Bit Axe
21:14 Castle Age
19:37 Bloodlines
19:09 Horse Collar
19:59 Scale Barding Armor
20:01 Gold Mining
24:24 Chain Barding Armor
24:26 Bow Saw
25:15 Wheelbarrow
25:38 Heavy Plow
27:18 Husbandry
28:34 Stone Mining
29:19 Gold Shaft Mining
29:59 Hand Cart
Hacıİlbey
6:22 Loom
9:01 Feudal Age
11:39 Double-Bit Axe
12:34 Wheelbarrow
16:54 Horse Collar
21:32 Castle Age
21:34 Cavalier
22:15 Husbandry
SNEAKY GOLEM
6:03 Loom
9:58 Feudal Age
18:38 Double-Bit Axe
22:10 Castle Age
21:53 Fletching
22:33 Crossbowman
23:23 Padded Archer Armor
23:43 Horse Collar
25:04 Bow Saw
25:09 Bodkin Arrow
27:47 Wheelbarrow
27:35 Thumb Ring
28:55 Gold Mining
20 лет в аркаде
3:43 Loom
11:27 Feudal Age
12:01 Double-Bit Axe
15:59 Gold Mining
20:57 Arson
31:02 Castle Age
31:03 Pikeman
Connection lost

Rejoining the realm…

Still unreachable

The connection could not be restored.

Session expired

The server has moved on; the page needs a fresh start.